[Event "8th Amsterdam Summer Open-A 2018"]
[Site "Amsterdam"]
[Date "2018.07.13"]
[Round "7"]
[White "Bosboom, Manuel"]
[Black "Hernandez Iglesias, Francisco"]
[Result "1-0"]
[ECO "D43"]
[WhiteElo "2403"]
[BlackElo "2047"]
[Annotator "NA"]
[PlyCount "99"]
[EventDate "2018.07.07"]
[EventType "swiss"]
[EventCountry "NED"]
[SourceTitle "playchess.com"]
[Source "ChessBase"]
[SourceQuality "1"]
[TimeControl "40/5400+30:1800+30"]

1. Nf3 d5 2. d4 Nf6 3. c4 c6 4. Nc3 e6 5. Qc2 dxc4 6. e4 b5 7. Bf4 {[%emt 0:06:00] LiveBook: 3 Games} Bb7 8. O-O-O ({Better is} 8. Be2 $15) 8... Be7 9. Kb1 a5 10. h4 a4 11. h5 $17 ({Lieber} 11. a3) 11... a3 12. h6 g6 13. d5 exd5 14. Rh3 O-O 15. e5 Nfd7 16. Rg3 Nc5 17. Nd4 Bc8 18. Ndxb5 Bh4 19. Nd6 Bxg3 20. fxg3 axb2 21. e6 Nxe6 22. Nxc4 Nxf4 23. gxf4 Qf6 24. Rxd5 Qxf4 25. Rd1 Bf5 26. Bd3 Qxc4 27. Bxc4 Bxc2+ 28. Kxc2 Ra5 29. Ne4 Ra7 30. Kxb2 Nd7 31. Rxd7 Rxd7 32. Nf6+ Kh8 33. Nxd7 Rd8 34. Ne5 Rd2+ 35. Kc3 Rxg2 36. a4 Kg8 37. a5 Rg5 38. Kd4 c5+ 39. Kd5 Kf8 40. Kd6 f5 41. Nd7+ Ke8 42. a6 Rg1 43. Nf6+ Kd8 44. Nxh7 Kc8 45. Kc6 Kb8 46. Kb6 Rd1 47. a7+ Ka8 48. Ng5 Rd6+ 49. Kc7 Rd4 50. h7 1-0

[Event "8th Amsterdam Summer Open-A 2018"]
[Site "Amsterdam"]
[Date "2018.07.13"]
[Round "7"]
[White "Brink, Barry"]
[Black "Hildenbrand, Peter"]
[Result "0-1"]
[ECO "E40"]
[WhiteElo "2342"]
[BlackElo "2226"]
[Annotator "NA"]
[PlyCount "84"]
[EventDate "2018.07.07"]
[EventType "swiss"]
[EventCountry "NED"]
[SourceTitle "playchess.com"]
[Source "ChessBase"]
[SourceQuality "1"]
[TimeControl "40/5400+30:1800+30"]

1. d4 d5 2. c4 e6 3. Nc3 Bb4 4. e3 Nf6 5. Bd3 e5 6. a3 exd4 7. axb4 dxc3 8. bxc3 dxc4 9. Bxc4 Qxd1+ 10. Kxd1 Nc6 11. Nf3 Bg4 $14 12. h3 Bh5 13. Kc2 O-O 14. Bd2 Ne4 15. Be1 Nd6 16. Be2 Ne5 17. Bd2 Nxf3 18. gxf3 Ne4 19. Rag1 Nxd2 20. Kxd2 Rad8+ 21. Kc1 Rd6 22. Rg5 Bg6 23. Rd1 Rfd8 24. Rxd6 Rxd6 25. Rc5 c6 26. f4 Bd3 27. Bxd3 Rxd3 28. Ra5 a6 29. Kc2 Rd6 30. h4 Kf8 31. h5 Rd5 32. e4 Rd6 33. Rg5 Rf6 34. Rg4 Rh6 35. Rg5 g6 36. hxg6 hxg6 37. f5 Rh5 38. f4 Ke7 39. fxg6 Rxg5 40. fxg5 fxg6 41. c4 b6 42. Kd3 c5 0-1

[Event "8th Amsterdam Summer Open-A 2018"]
[Site "Amsterdam"]
[Date "2018.07.13"]
[Round "7"]
[White "De Boer, Eelke"]
[Black "Prior, Stephen C V"]
[Result "1-0"]
[ECO "B01"]
[WhiteElo "2317"]
[BlackElo "2025"]
[Annotator "NA"]
[PlyCount "51"]
[EventDate "2018.07.07"]
[EventType "swiss"]
[EventCountry "NED"]
[SourceTitle "playchess.com"]
[Source "ChessBase"]
[SourceQuality "1"]
[TimeControl "40/5400+30:1800+30"]

1. e4 d5 2. exd5 Qxd5 3. Nc3 Qd6 4. d4 g6 {[%emt 0:00:10] LiveBook: 71 Partien} 5. Nb5 Qb6 6. c4 c6 7. Nc3 Bg7 8. Nf3 Bg4 9. d5 Nf6 10. h3 Bxf3 11. Qxf3 O-O 12. g3 Rd8 13. Bg2 cxd5 14. cxd5 $11 Na6 15. O-O Nb4 16. Be3 Qa6 17. Rad1 Ne8 18. Bc5 Nxa2 19. Nxa2 Qxa2 20. Bxe7 Rd7 21. d6 Qa6 22. Qg4 f5 23. Qb4 Nf6 24. Qb3+ Kh8 25. Bxf6 Bxf6 26. Qe6 1-0

[Event "8th Amsterdam Summer Open-A 2018"]
[Site "Amsterdam"]
[Date "2018.07.13"]
[Round "7"]
[White "Elgersma, Simon"]
[Black "Mesman, Edwyn"]
[Result "0-1"]
[ECO "B92"]
[WhiteElo "2263"]
[BlackElo "2100"]
[Annotator "NA"]
[PlyCount "60"]
[EventDate "2018.07.07"]
[EventType "swiss"]
[EventCountry "NED"]
[SourceTitle "playchess.com"]
[Source "ChessBase"]
[SourceQuality "1"]
[TimeControl "40/5400+30:1800+30"]

1. e4 c5 2. Nf3 d6 3. d4 cxd4 4. Nxd4 Nf6 5. Nc3 a6 6. Be2 e5 7. Nf3 Be7 8. Bg5 Be6 9. Bxf6 Bxf6 {[%emt 0:01:17] LiveBook: 37 Games} 10. O-O O-O 11. a4 Be7 12. Nd5 Nd7 $11 13. Bc4 Nb6 14. Nxb6 Qxb6 15. Bxe6 fxe6 16. Qd3 Rf4 17. c4 Raf8 18. a5 Qc5 19. b3 Bd8 20. Rfd1 Bc7 21. Ra2 h6 22. h3 R8f7 23. Ra4 g5 24. b4 Qc6 25. b5 Qxe4 26. Qxe4 Rxe4 27. b6 Bb8 28. Ra3 Rxc4 29. Rad3 d5 30. Re3 e4 0-1

[Event "8th Amsterdam Summer Open-A 2018"]
[Site "Amsterdam"]
[Date "2018.07.13"]
[Round "7"]
[White "Kokje, Joris"]
[Black "Van Baar, Esper"]
[Result "1/2-1/2"]
[ECO "A21"]
[WhiteElo "2242"]
[BlackElo "2252"]
[Annotator "NA"]
[PlyCount "107"]
[EventDate "2018.07.07"]
[EventType "swiss"]
[EventCountry "NED"]
[SourceTitle "playchess.com"]
[Source "ChessBase"]
[SourceQuality "1"]
[TimeControl "40/5400+30:1800+30"]

1. d4 d6 2. c4 e5 3. Nc3 exd4 4. Qxd4 Nc6 5. Qd2 Nf6 6. b3 a5 7. a3 g6 8. Bb2 Bg7 9. g3 (9. Nf3 $11 {remains equal.}) 9... O-O 10. Bg2 Re8 11. Nh3 {[%emt 0:05:11] [#]} (11. a4 $17) 11... Bf5 $11 (11... a4 $1 $19 12. Nxa4 (12. bxa4 Ne5) 12... Bxh3 13. Bxh3 Ne4) 12. Nf4 Nd7 13. Nb5 Nc5 14. Bxg7 Kxg7 15. Qb2+ f6 16. O-O Na6 17. Rad1 Rc8 18. Bxc6 bxc6 19. Na7 Ra8 20. Nxc6 Qd7 21. Nd4 Be4 22. f3 Bb7 23. e4 Qe7 24. Nd5 Qf7 25. h4 c6 26. Nf4 Rab8 27. Qc3 Nc5 28. h5 Nd7 29. Kg2 Ne5 30. Rh1 Bc8 31. hxg6 hxg6 32. Rh2 Rh8 33. Rxh8 Kxh8 34. Rh1+ Kg7 35. Qxa5 g5 36. Nh5+ Kg6 37. f4 gxf4 38. Nxf4+ Kg7 39. Nf5+ Bxf5 40. exf5 Qb7 41. c5 dxc5 42. Qxc5 Qd7 43. Qd4 Qxd4 44. Ne6+ Kf7 45. Nxd4 c5 46. Ne6 Rxb3 47. Nxc5 Rxa3 48. Rh7+ Kg8 49. Re7 Ng4 50. Re6 Ne3+ 51. Kh3 Nxf5 52. Ne4 Kg7 53. Kh2 Re3 54. Nc5 1/2-1/2

[Event "8th Amsterdam Summer Open-A 2018"]
[Site "Amsterdam"]
[Date "2018.07.13"]
[Round "7"]
[White "Floor, Dirk"]
[Black "Pham, Khoi"]
[Result "1/2-1/2"]
[ECO "E69"]
[WhiteElo "2196"]
[BlackElo "2037"]
[Annotator "NA"]
[PlyCount "189"]
[EventDate "2018.07.07"]
[EventType "swiss"]
[EventCountry "NED"]
[SourceTitle "playchess.com"]
[Source "ChessBase"]
[SourceQuality "1"]
[TimeControl "40/5400+30:1800+30"]

1. Nf3 d6 2. d4 Nf6 3. g3 g6 4. Bg2 Bg7 5. O-O O-O 6. c4 Nbd7 7. Nc3 e5 8. e4 c6 9. h3 Re8 10. Be3 a5 11. Qc2 exd4 12. Nxd4 Nc5 13. Rad1 Nfd7 14. b3 h5 15. Rd2 h4 16. g4 Qb6 17. Nde2 Qb4 18. Rfd1 a4 $14 19. Rxd6 axb3 20. axb3 Ra3 21. Bxc5 Nxc5 22. Rd8 Kf8 23. Rxe8+ Kxe8 24. Qd2 Bd7 25. Qd6 Rxb3 26. Qb8+ Ke7 27. Qd6+ Ke8 28. e5 Bf8 29. Qb8+ Ke7 30. Qd6+ Ke8 31. Qb8+ Ke7 32. Nd5+ cxd5 33. cxd5 Rd3 34. Qd6+ Ke8 35. Qb8+ Ke7 36. d6+ Ke6 37. Rxd3 Nxd3 38. Qxf8 Kxe5 39. Qe7+ Be6 40. Qxh4 Qe1+ 41. Bf1 Qd2 42. Qg3+ Kf6 43. Qf3+ Kg7 44. Qxb7 Ne5 45. Qe4 Qxd6 46. Bg2 Bd7 47. f4 Nd3 48. Qe3 Nc5 49. Bf3 Ne6 50. h4 Bb5 51. Nc3 Bc4 52. Qe5+ Qxe5 53. fxe5 f6 54. exf6+ Kxf6 55. Kf2 Ke5 56. Ke3 Nf4 57. Be4 Be6 58. Kf3 Bc4 59. g5 Bf7 60. Ke3 Ne6 61. Ne2 Ng7 62. Nc1 Nf5+ 63. Bxf5 Kxf5 64. Nd3 Bd5 65. Nf2 Bb7 66. Kd4 Kf4 67. Nd3+ Kf5 68. Ne5 Bg2 69. Nc4 Bf3 70. Nd6+ Ke6 71. Ne8 Bg4 72. Ke4 Ke7 73. Nf6 Bf5+ 74. Ke5 Bb1 75. Ng8+ Kf7 76. Nh6+ Ke7 77. Ng4 Bc2 78. Ne3 Bb3 79. Ng2 Bc2 80. Nf4 Bb1 81. Nd5+ Kf7 82. Kd6 Bd3 83. Nb4 Bb5 84. Nd5 Bd3 85. Nf6 Bf5 86. Nd7 Ke8 87. Ne5 Kf8 88. Nf3 Kf7 89. Ke5 Bb1 90. Nh2 Ke7 91. Ng4 Bc2 92. Nf6 Bb1 93. h5 gxh5 94. Nxh5 Kf7 95. Nf4 1/2-1/2

[Event "8th Amsterdam Summer Open-A 2018"]
[Site "Amsterdam"]
[Date "2018.07.13"]
[Round "7"]
[White "Elgersma, Onno"]
[Black "Theulings, Paul-Peter"]
[Result "1-0"]
[ECO "A08"]
[WhiteElo "2150"]
[BlackElo "2088"]
[Annotator "NA"]
[PlyCount "69"]
[EventDate "2018.07.07"]
[EventType "swiss"]
[EventCountry "NED"]
[SourceTitle "playchess.com"]
[Source "ChessBase"]
[SourceQuality "1"]
[TimeControl "40/5400+30:1800+30"]

1. Nf3 Nf6 2. g3 c5 3. Bg2 d5 4. O-O g6 5. d3 Nc6 6. Nbd2 Bg7 7. e4 O-O 8. Re1 e6 {[%emt 0:06:32] LiveBook: 212 Partien} 9. Qe2 b6 10. a3 $15 a5 11. c3 Ba6 12. Rd1 Re8 13. Ne1 Qc7 14. a4 Rad8 15. Rb1 h6 16. h3 Rd7 17. Qe3 Red8 18. exd5 Nxd5 19. Qe4 Ne5 20. Ndf3 Nxd3 21. Rxd3 Bxd3 22. Nxd3 Nf6 23. Qe5 Qc6 24. Nde1 Qxa4 25. Qe2 Qa2 26. Qc2 Rd1 27. Bf1 a4 28. Be2 R1d7 29. Ne5 Rd5 30. Bc4 Qxb1 31. Qxb1 Rxe5 32. Nf3 Rd1+ 33. Kg2 Rf5 34. Qc2 Rd8 35. g4 1-0

[Event "8th Amsterdam Summer Open-A 2018"]
[Site "Amsterdam"]
[Date "2018.07.13"]
[Round "7"]
[White "Cornelisse, John"]
[Black "Romkes, Abel"]
[Result "1-0"]
[ECO "E54"]
[WhiteElo "2132"]
[BlackElo "2018"]
[Annotator "NA"]
[PlyCount "67"]
[EventDate "2018.07.07"]
[EventType "swiss"]
[EventCountry "NED"]
[SourceTitle "playchess.com"]
[Source "ChessBase"]
[SourceQuality "1"]
[TimeControl "40/5400+30:1800+30"]

1. c4 Nf6 2. Nc3 e6 3. d4 Bb4 4. e3 O-O 5. Bd3 c5 6. Nf3 d5 7. O-O dxc4 8. Bxc4 cxd4 9. exd4 b6 10. Bg5 Bb7 11. Re1 Nbd7 12. Rc1 Rc8 13. Qb3 Be7 14. Bxf6 Nxf6 15. Bxe6 Rc7 16. Ng5 Qxd4 17. Bxf7+ $17 (17. Nxf7 $11 {remains equal.} Bc5 18. Nd8+ Kh8 19. Nxb7 Qxf2+ 20. Kh1 Rxb7 21. Qb5) 17... Kh8 18. Qd1 Qh4 19. Qd2 Ng4 20. Nh3 Bc5 21. Bd5 Nxf2 22. Nxf2 Bxf2+ 23. Kh1 Bxe1 24. Rxe1 Bxd5 25. Nxd5 Rcf7 26. g3 Qd8 27. Qg2 Rd7 28. Nf4 Qa8 29. Qxa8 Rxa8 30. Kg2 Rd2+ 31. Kf3 Rxb2 32. Re7 Rxa2 33. Nh5 g6 34. Nf6 1-0

[Event "8th Amsterdam Summer Open-A 2018"]
[Site "Amsterdam"]
[Date "2018.07.13"]
[Round "7"]
[White "Vroombout, Enrico"]
[Black "Kohler, Aran"]
[Result "0-1"]
[ECO "D44"]
[WhiteElo "2132"]
[BlackElo "2175"]
[Annotator "NA"]
[PlyCount "70"]
[EventDate "2018.07.07"]
[EventType "swiss"]
[EventCountry "NED"]
[SourceTitle "playchess.com"]
[Source "ChessBase"]
[SourceQuality "1"]
[TimeControl "40/5400+30:1800+30"]

1. d4 d5 2. c4 c6 3. Nf3 Nf6 4. Nc3 e6 5. Bg5 dxc4 6. e4 b5 7. e5 h6 8. Bh4 g5 9. Nxg5 hxg5 10. Bxg5 Be7 11. exf6 Bxf6 12. Bxf6 Qxf6 13. g3 Na6 14. Ne4 Qe7 15. Qf3 f5 16. Nc5 $15 Nxc5 17. dxc5 Qxc5 18. Qc3 O-O 19. Rd1 a5 20. Bg2 Ra7 21. O-O e5 22. Rfe1 e4 23. Rd4 Be6 24. Bxe4 fxe4 25. Rexe4 Rd7 26. Qe3 Rxd4 27. Rxd4 Qf5 28. h3 Rf6 29. Rg4+ Kf8 30. Qb6 Qxf2+ 31. Qxf2 Rxf2 32. Kxf2 Bxg4 33. hxg4 b4 34. Ke3 a4 35. Kd2 Kf7 0-1

[Event "8th Amsterdam Summer Open-A 2018"]
[Site "Amsterdam"]
[Date "2018.07.13"]
[Round "7"]
[White "Brouwer, Rein"]
[Black "De Jong, Tom"]
[Result "1/2-1/2"]
[ECO "E97"]
[WhiteElo "2062"]
[BlackElo "2201"]
[Annotator "NA"]
[PlyCount "52"]
[EventDate "2018.07.07"]
[EventType "swiss"]
[EventCountry "NED"]
[SourceTitle "playchess.com"]
[Source "ChessBase"]
[SourceQuality "1"]
[TimeControl "40/5400+30:1800+30"]

1. d4 Nf6 2. c4 g6 3. Nc3 Bg7 4. e4 O-O 5. Be2 d6 6. Nf3 e5 7. O-O Nc6 8. d5 Ne7 9. b4 a5 10. Ba3 axb4 11. Bxb4 Re8 12. a4 Bg4 13. h3 Bxf3 14. Bxf3 Bf8 15. a5 c5 16. dxc6 Nxc6 $11 17. Qa4 Ra6 18. Nd5 Nxd5 19. cxd5 Nd4 20. Qd1 b6 21. Be2 Nxe2+ 22. Qxe2 Qa8 23. Ra4 Rc8 24. Rfa1 bxa5 25. Rxa5 Rxa5 26. Rxa5 Qb7 1/2-1/2

[Event "8th Amsterdam Summer Open-A 2018"]
[Site "Amsterdam"]
[Date "2018.07.14"]
[Round "8"]
[White "Kollen, Zyon"]
[Black "Hildenbrand, Peter"]
[Result "1-0"]
[ECO "C41"]
[WhiteElo "2313"]
[BlackElo "2226"]
[Annotator "NA"]
[PlyCount "99"]
[EventDate "2018.07.07"]
[EventType "swiss"]
[EventCountry "NED"]
[SourceTitle "playchess.com"]
[Source "ChessBase"]
[SourceQuality "1"]
[TimeControl "40/5400+30:1800+30"]

1. e4 d6 2. d4 Nf6 3. Nc3 e5 4. Nf3 Nbd7 5. Bc4 Be7 6. O-O c6 7. a4 Qc7 8. Re1 h6 9. h3 Nf8 {[%emt 0:01:55] LiveBook: 9 Games} 10. Be3 g5 {[%emt 0:26:36] [#]} (10... Ng6 $14) 11. dxe5 $1 dxe5 12. Nxe5 $18 Qxe5 13. Bd4 Qa5 14. e5 Be6 15. exf6 Bb4 16. Bxe6 Nxe6 17. Rxe6+ fxe6 18. f7+ Ke7 19. Bxh8 Rxh8 20. Qd4 Bxc3 21. bxc3 Rf8 22. Rd1 Rxf7 23. Qd6+ Kf6 24. Rd3 Qc7 25. Rf3+ Kg7 26. Qd4+ e5 27. Rxf7+ Kxf7 28. Qxa7 Ke6 29. Kf1 Kd5 30. Qe3 Qa5 31. Qf3+ Ke6 32. Qg4+ Kd5 33. Qd7+ Kc5 34. Qxb7 Qxa4 35. Qe7+ Kd5 36. Qd7+ Kc5 37. Qd3 e4 38. Qe3+ Kd5 39. Qd2+ Kc5 40. Ke2 Qc4+ 41. Ke3 Qf1 42. Qd4+ Kb5 43. Qb4+ Ka6 44. Qxe4 Qe1+ 45. Kf3 Qc1 46. Qxc6+ Ka5 47. Qd5+ Ka6 48. Qd3+ Ka5 49. c4 Kb4 50. Qb3+ 1-0

[Event "8th Amsterdam Summer Open-A 2018"]
[Site "Amsterdam"]
[Date "2018.07.14"]
[Round "8"]
[White "Van Baar, Esper"]
[Black "Elgersma, Onno"]
[Result "1/2-1/2"]
[ECO "E05"]
[WhiteElo "2252"]
[BlackElo "2150"]
[Annotator "NA"]
[PlyCount "159"]
[EventDate "2018.07.07"]
[EventType "swiss"]
[EventCountry "NED"]
[SourceTitle "playchess.com"]
[Source "ChessBase"]
[SourceQuality "1"]
[TimeControl "40/5400+30:1800+30"]

1. d4 Nf6 2. Nf3 e6 3. g3 d5 4. Bg2 Be7 5. O-O O-O 6. c4 dxc4 7. Qc2 a6 8. a4 Bd7 9. Qxc4 Bc6 10. Bg5 a5 11. Nc3 Nbd7 12. Rfd1 h6 13. Bc1 Nb6 14. Qb3 Ne4 15. Ne5 Nxc3 16. bxc3 Bxg2 17. Kxg2 Qd5+ 18. Qxd5 exd5 19. Ba3 Rfe8 20. Bxe7 Rxe7 21. e3 f6 22. Nd3 Nc4 23. Rab1 c6 24. Nc5 b6 25. Nb3 Rb8 26. Nd2 Nd6 27. Rdc1 b5 28. c4 Reb7 29. cxb5 cxb5 30. Rc5 bxa4 31. Rxb7 Rxb7 32. Rxd5 Nb5 33. Nc4 a3 34. Nxa3 Nxa3 35. Rxa5 Nc2 36. Ra2 Ne1+ 37. Kf1 Nd3 38. Ra3 Nb2 39. h4 Nc4 40. Ra4 Nd2+ 41. Kg2 Rb2 42. d5 f5 43. Rf4 g6 44. h5 Kg7 45. hxg6 Kxg6 46. d6 Rb8 47. g4 fxg4 48. Rxg4+ Kf5 49. Rg7 Ne4 50. Rh7 Rg8+ 51. Kf1 Rg6 52. d7 Rd6 53. Rxh6 Rxd7 54. Rh4 Rd2 55. Rf4+ Ke5 56. Ke1 Ra2 57. Kf1 Nd2+ 58. Kg2 Ra7 59. Rg4 Rf7 60. Rg3 Ne4 61. f4+ Kd5 62. Rg8 Nf6 63. Rg5+ Ke4 64. Re5+ Kd3 65. Kf3 Rh7 66. Rf5 Rh6 67. e4 Kd4 68. e5 Ne4 69. Rf8 Nd2+ 70. Kg4 Ke4 71. Rf6 Rh8 72. e6 Re8 73. f5 Ke5 74. Rf7 Ne4 75. Kh5 Nf6+ 76. Kg6 Rg8+ 77. Rg7 Rxg7+ 78. Kxg7 Kxf5 79. e7 Ke6 80. e8=N 1/2-1/2

[Event "8th Amsterdam Summer Open-A 2018"]
[Site "Amsterdam"]
[Date "2018.07.14"]
[Round "8"]
[White "Floor, Dirk"]
[Black "De Boer, Eelke"]
[Result "0-1"]
[ECO "E90"]
[WhiteElo "2196"]
[BlackElo "2317"]
[Annotator "NA"]
[PlyCount "142"]
[EventDate "2018.07.07"]
[EventType "swiss"]
[EventCountry "NED"]
[SourceTitle "playchess.com"]
[Source "ChessBase"]
[SourceQuality "1"]
[TimeControl "40/5400+30:1800+30"]

1. d4 Nf6 2. c4 g6 3. Nc3 Bg7 4. e4 d6 5. Bd3 c5 6. d5 e6 7. Nf3 exd5 8. exd5 O-O 9. h3 Re8+ 10. Be3 Na6 11. O-O Nc7 12. a4 Rb8 13. Qd2 b6 14. Bg5 Qd7 15. Rab1 Bb7 16. Nh2 Kh8 17. f4 a6 18. f5 Rf8 19. Rf4 b5 20. axb5 axb5 21. b3 Kg8 22. Rbf1 bxc4 23. bxc4 Nce8 24. fxg6 fxg6 25. Qf2 h6 26. Bxf6 Rxf6 27. Ng4 Rxf4 28. Qxf4 Bd4+ 29. Kh1 Qg7 30. Nxh6+ Kh7 31. Nf5 gxf5 32. Bxf5+ Kg8 33. Be6+ Kh7 34. Qh4+ Qh6 35. Qe4+ Kh8 36. Ne2 Nf6 37. Qf5 Be5 38. Nf4 Kg7 39. Bd7 Bxf4 40. Rxf4 Rf8 41. Rf3 Qg6 42. Qe6 Qf7 43. Qxd6 Qxd7 44. Rxf6 Qxd6 45. Rxd6 Rf6 46. Rd7+ Rf7 47. Rd6 Kf8 48. g4 Ke7 49. Rb6 Kd8 50. Rb5 Rc7 51. Ra5 Ke7 52. Kh2 Kd6 53. Kg3 Ke5 54. h4 Kd4 55. Ra4 Re7 56. h5 Bc8 57. Ra8 Bd7 58. Ra7 Kxc4 59. d6 Rg7 60. h6 Rxg4+ 61. Kf3 Rh4 62. Rxd7 Rxh6 63. Ke4 Re6+ 64. Kf5 Kd5 65. Rd8 c4 66. d7 Rd6 67. Kf4 Kd4 68. Kf3 Kd3 69. Kf4 Rd5 70. Rh8 Rxd7 71. Rh3+ Kc2 0-1

[Event "8th Amsterdam Summer Open-A 2018"]
[Site "Amsterdam"]
[Date "2018.07.14"]
[Round "8"]
[White "Kohler, Aran"]
[Black "Cornelisse, John"]
[Result "0-1"]
[ECO "A40"]
[WhiteElo "2175"]
[BlackElo "2132"]
[Annotator "NA"]
[PlyCount "94"]
[EventDate "2018.07.07"]
[EventType "swiss"]
[EventCountry "NED"]
[SourceTitle "playchess.com"]
[Source "ChessBase"]
[SourceQuality "1"]
[TimeControl "40/5400+30:1800+30"]

1. d4 g6 2. c3 Bg7 3. Bg5 d6 {[%emt 0:00:41] A40: Unusual replies to 1 d4} 4. Nd2 Nd7 5. e3 Ngf6 6. Bd3 c6 7. h4 $146 ({Predecessor:} 7. Bh4 Qc7 8. Ne2 O-O 9. Ne4 Nxe4 10. Bxe4 e5 11. Bc2 h6 12. f4 {0-1 (43) Chernin,A (2600)-Kovalev,A (2580) Tilburg 1992}) 7... h6 8. Bxf6 Nxf6 9. Qc2 e5 (9... O-O $15) 10. dxe5 dxe5 11. h5 gxh5 12. O-O-O Qe7 13. f3 Nd5 14. Nf1 h4 15. Qf2 Bf6 16. Ne2 Qc5 17. Rxh4 Bxh4 18. Qxh4 Qe7 ({Nicht} 18... Nxe3 19. Qf2 $16) 19. Qf2 Be6 20. f4 Nb6 21. Bb1 Rd8 22. Rxd8+ $19 Kxd8 23. fxe5 Bc4 24. Nd4 Qxe5 25. Nd2 Re8 26. b3 Be6 27. N2f3 Qf6 28. Qg3 Kc8 29. Kb2 Bd7 30. e4 Qg6 31. Qh2 Rg8 32. Bc2 Qxg2 33. Qxh6 c5 34. Nf5 Bxf5 35. Nh4 Qg5 36. Nxf5 Qxh6 37. Nxh6 Rf8 38. e5 Kc7 39. c4 Nd7 40. Nxf7 Rxf7 41. e6 Rf2 42. exd7 Kxd7 43. a3 Kd6 44. Kc3 Ke5 45. Bd1 Rg2 46. Bc2 Rg3+ 47. Bd3 a5 0-1

[Event "8th Amsterdam Summer Open-A 2018"]
[Site "Amsterdam"]
[Date "2018.07.14"]
[Round "8"]
[White "Mesman, Edwyn"]
[Black "Grooten, Herman"]
[Result "1/2-1/2"]
[ECO "E38"]
[WhiteElo "2100"]
[BlackElo "2384"]
[Annotator "NA"]
[PlyCount "114"]
[EventDate "2018.07.07"]
[EventType "swiss"]
[EventCountry "NED"]
[SourceTitle "playchess.com"]
[Source "ChessBase"]
[SourceQuality "1"]
[TimeControl "40/5400+30:1800+30"]

1. d4 Nf6 2. c4 e6 3. Nc3 Bb4 4. Qc2 c5 5. dxc5 Bxc5 6. Nf3 Qb6 7. e3 Qc7 8. g4 h6 9. Rg1 b6 10. Be2 Bb7 11. Bd2 a6 12. h4 h5 13. g5 Ng4 14. Rc1 Be7 15. a3 d6 16. Nd4 Qd7 17. Ne4 Nc6 18. Nxc6 Bxc6 19. Bc3 Qb7 20. Ng3 e5 21. g6 Bxh4 22. Qf5 fxg6 23. Qe6+ Qe7 24. Bxg4 hxg4 25. Qxg6+ Kf8 26. Nf5 Qf6 27. Qxg4 Bd7 28. e4 Bxf5 29. exf5 Kg8 30. Rd1 Rd8 31. Rd5 Rh7 32. Rg2 Qh6 33. Qg6 Be7 34. Bd2 Qh1+ 35. Ke2 Kh8 36. Rd3 Qh5+ 37. Ke1 Rf8 38. Qxh5 Rxh5 39. Rdg3 Rhxf5 40. Rxg7 Rxf2 41. Rg8+ Rxg8 42. Rxg8+ Kxg8 43. Kxf2 b5 44. b3 bxc4 45. bxc4 d5 46. cxd5 Bxa3 47. Bc3 Bd6 48. Kf3 Kf7 49. Ke4 Kf6 50. Ba5 Bb8 51. Bd8+ Kg6 52. Ba5 Bd6 53. Bc3 Kf6 54. Ba5 Bb8 55. Bd8+ Kf7 56. Ba5 Ke7 57. Bc3 Bd6 1/2-1/2

[Event "8th Amsterdam Summer Open-A 2018"]
[Site "Amsterdam"]
[Date "2018.07.14"]
[Round "8"]
[White "Kossen, Johannes"]
[Black "Elgersma, Simon"]
[Result "1/2-1/2"]
[ECO "E60"]
[WhiteElo "2095"]
[BlackElo "2263"]
[Annotator "NA"]
[PlyCount "60"]
[EventDate "2018.07.07"]
[EventType "swiss"]
[EventCountry "NED"]
[SourceTitle "playchess.com"]
[Source "ChessBase"]
[SourceQuality "1"]
[TimeControl "40/5400+30:1800+30"]

1. d4 Nf6 2. c4 g6 3. Nf3 Bg7 4. g3 d6 5. Bg2 O-O 6. O-O Bf5 7. Nh4 Be4 8. f3 Bc6 9. Nc3 e5 10. d5 Bd7 11. e4 Nh5 12. Bd2 a5 13. Qc2 Na6 14. Be3 $11 f5 15. Bh3 Nf4 16. Bxf4 exf4 17. exf5 Bd4+ 18. Kh1 fxg3 19. hxg3 g5 20. Ng2 Qf6 21. Ne1 Nb4 22. Qd2 Bxf5 23. Bxf5 Qxf5 24. Qxd4 Qh3+ 25. Kg1 Nc2 26. Nxc2 Qxg3+ 27. Kh1 Qh3+ 28. Kg1 Qg3+ 29. Kh1 Qh3+ 30. Kg1 Qg3+ 1/2-1/2

[Event "8th Amsterdam Summer Open-A 2018"]
[Site "Amsterdam"]
[Date "2018.07.14"]
[Round "8"]
[White "Zak, Arad"]
[Black "De Jong, Tom"]
[Result "0-1"]
[ECO "E61"]
[WhiteElo "2048"]
[BlackElo "2201"]
[Annotator "NA"]
[PlyCount "70"]
[EventDate "2018.07.07"]
[EventType "swiss"]
[EventCountry "NED"]
[SourceTitle "playchess.com"]
[Source "ChessBase"]
[SourceQuality "1"]
[TimeControl "40/5400+30:1800+30"]

1. d4 Nf6 2. c4 g6 3. Nf3 Bg7 4. Nc3 O-O 5. Bg5 d6 6. e3 {[%emt 0:00:17] LiveBook: 1404 Partien} h6 7. Bh4 c5 8. Be2 g5 9. Bg3 Nh5 10. Qd3 (10. dxc5 $14 dxc5 11. Be5) 10... g4 11. Nh4 cxd4 12. exd4 Nc6 13. d5 $1 Nd4 14. O-O e5 $11 15. dxe6 Bxe6 16. Nb5 Nxe2+ 17. Qxe2 Rc8 18. Rac1 Re8 19. Qd3 Qg5 20. b3 Red8 21. Rfd1 a6 22. Nxd6 Rc6 23. c5 Nxg3 24. hxg3 Rxc5 25. Rxc5 Qxc5 26. b4 Qxb4 27. Kh2 Bf8 28. Qe3 Rxd6 29. Re1 Qd4 30. Qe2 b5 31. Qc2 Qd2 32. Qe4 Qxf2 33. Re2 Qd4 34. Qa8 Qa1 35. Qa7 Rd1 0-1

[Event "8th Amsterdam Summer Open-A 2018"]
[Site "Amsterdam"]
[Date "2018.07.14"]
[Round "8"]
[White "Hernandez Iglesias, Francisco"]
[Black "Mijnheer, Peter"]
[Result "1/2-1/2"]
[ECO "D36"]
[WhiteElo "2047"]
[BlackElo "2106"]
[Annotator "NA"]
[PlyCount "20"]
[EventDate "2018.07.07"]
[EventType "swiss"]
[EventCountry "NED"]
[SourceTitle "playchess.com"]
[Source "ChessBase"]
[SourceQuality "1"]
[TimeControl "40/5400+30:1800+30"]

1. d4 d5 2. c4 e6 3. Nc3 Nf6 4. cxd5 exd5 5. Bg5 c6 6. e3 Be7 7. Bd3 Nbd7 8. Nf3 Nf8 9. Qc2 Ne6 10. Bh4 g6 1/2-1/2

[Event "8th Amsterdam Summer Open-A 2018"]
[Site "Amsterdam"]
[Date "2018.07.14"]
[Round "8"]
[White "Pham, Khoi"]
[Black "Bosboom, Manuel"]
[Result "0-1"]
[ECO "B27"]
[WhiteElo "2037"]
[BlackElo "2403"]
[Annotator "NA"]
[PlyCount "82"]
[EventDate "2018.07.07"]
[EventType "swiss"]
[EventCountry "NED"]
[SourceTitle "playchess.com"]
[Source "ChessBase"]
[SourceQuality "1"]
[TimeControl "40/5400+30:1800+30"]

1. e4 c5 2. Nf3 a6 3. c3 d5 4. exd5 Nf6 5. d4 cxd4 6. cxd4 g6 7. Nc3 Bg7 8. Bc4 {[%emt 0:04:33] LiveBook: 3 Games B27: Sicilian: 2 Nf3, unusual Black 2nd moves} O-O 9. O-O b5 10. Bb3 Bb7 11. Re1 b4 12. Na4 Bxd5 13. Bf4 $146 ({Predecessor:} 13. Bg5 Bxb3 14. Qxb3 Nc6 15. Rad1 Qd5 {1-0 (35) Ismagambetov,A (2492)-Kuderinov,K (2481) Maralsay 2010}) 13... Nc6 14. Rc1 Bxf3 15. Qxf3 Nxd4 16. Qb7 Nxb3 17. axb3 Nd5 18. Bg3 (18. Bg5 $1 $15 Rb8 19. Qxa6) 18... e6 19. Rc6 a5 20. Rec1 h5 21. h3 h4 22. Bd6 Re8 23. R1c4 Qg5 24. Rg4 Qd2 25. Nc5 Rad8 26. Ne4 Qe1+ 27. Kh2 {[%emt 0:00:05] [#]} Nf6 $15 (27... Rxd6 $1 $19 28. Nxd6 (28. Rxd6 Be5+) 28... Be5+ 29. f4 Bxd6) 28. Nxf6+ Bxf6 29. Rf4 Rxd6 30. Rxd6 Qe5 31. Rdd4 Rb8 32. Qa7 Rc8 33. Rde4 Qxb2 34. Qb7 Rf8 35. Rg4 Qxb3 36. Qa7 Qd5 37. Qe3 b3 38. Qe1 b2 39. Qb1 Kg7 40. Re2 Rc8 41. Rxb2 Qe5+ 0-1